 Dungeon Crawl Stone Soup version 0.29.1-13-g9f3cf754e1 (webtiles) character file.

Game seed: 6574082872809781672

1404 hawla the Firebug (level 9, -2/64 HPs)
             Began as a Meteoran Fire Elementalist on Jan 20, 2023.
             Was an Initiate of Vehumet.
             Slain by an orc knight
             ... wielding a +0 halberd
              (16 damage)
             ... in a bailey.
             The game lasted 00:13:16 (2127 turns).

hawla the Firebug (Meteoran Fire Elementalist)      Turns: 2127, Time: 00:13:18

Health: -2/64      AC:  4    Str: 10    XL:     9   Next: 21%
Magic:  0/18       EV: 13    Int: 21    God:    Vehumet [......]
Gold:   196        SH:  0    Dex: 15    Spells: 8/19 levels left

rFire   . . .      SeeInvis .   l - +6 dagger (vamp)
rCold   . . .      Faith    .   (no shield)
rNeg    . . .      Spirit   .   a - +0 robe
rPois   .          Reflect  .   o - +0 helmet
rElec   .          Harm     .   (no cloak)
rCorr   .          Rampage  .   q - +0 pair of gloves
Will    +....                   (no boots)
Stlth   +.........              (no amulet)
HPRegen 0.20/turn               (no ring)
MPRegen 0.16/turn               (no ring)

@: glowing, studying Stealth
A: sense surroundings 2, otherworldly, glowing, explore regen
a: Renounce Religion


You were in a bailey.
You worshipped Vehumet.
Vehumet was noncommittal.
You visited 2 branches of the dungeon, and saw 8 of its levels.
You also visited: Bailey.

You collected 196 gold pieces.

Inventory:

Hand Weapons
 g - a +1 vampiric falchion
 l - a +6 vampiric dagger (weapon)
Armour
 a - a +0 robe (worn)
 o - a +0 helmet (worn)
 q - a +0 pair of gloves (worn)
Wands
 p - a wand of flame (8) (quivered)
 r - a wand of roots (9)
Scrolls
 k - a scroll of summoning
Potions
 b - a potion of might
 c - 2 potions of brilliance
 d - a potion of haste
 e - a potion of lignification
 f - 3 potions of flight {unknown}
 h - 3 potions of curing
 i - a potion of mutation
 n - a potion of cancellation


   Skills:
 + Level 1.3 Fighting
 + Level 3.0 Dodging
 + Level 1.4 Stealth
 + Level 5.8 Spellcasting
 + Level 6.1 Conjurations
 + Level 5.8 Translocations
 + Level 7.0 Fire Magic
 + Level 3.0 Evocations


You had 8 spell levels left.
You knew the following spells:

 Your Spells              Type           Power      Damage    Failure   Level
a - Foxfire               Conj/Fire      100%       2x1d9     1%          1
b - Scorch                Fire           70%        2d9       1%          2
c - Flame Wave            Conj/Fire      33%        2d10      7%          4
d - Iskenderun's Mystic   Conj/Tloc      31%        2d8       9%          4

Your spell library contained the following spells:

 Spells                   Type           Power      Damage    Failure   Level
 Conjure Flame            Conj/Fire      33%        6-21      1%          3
 Static Discharge         Conj/Air       18%        3-6/arc   4%          2
 Inner Flame              Hex/Fire       20%        N/A       7%          3
 Sticky Flame             Conj/Fire      33%        2d5       7%          4
 Dazzling Flash           Conj/Hex       36%        N/A       9%          3
 Summon Guardian Golem    Hex/Summ       6%         N/A       30%         3
 Dispel Undead            Necr           6%         3d8       69%         4
 Starburst                Conj/Fire      16%        6d6       71%         6
 Orb of Destruction       Conj           15%        9d7       100%        7
 Spellforged Servitor     Conj/Summ      9%         N/A       100%        7


Dungeon Overview and Level Annotations

Branches:
Dungeon (7/15) Zot: 2204   Temple (1/1) D:5 Zot: 538  Bailey (1/1) Zot: 531

Altars:
Ashenzari
Cheibriados
Dithmenos
Elyvilon
Fedhas
Gozag
Hepliaklqana
Makhleb
Nemelex Xobeh
Okawaru
Qazlal
Ru
Sif Muna
Trog
Vehumet
Wu Jian
Xom

Annotations:
D:3 Grinder


Innate Abilities, Weirdness & Mutations

You passively map the area around you.
You are easily found by Zot.
You glow in the dark.
You regain HP and MP as you explore.


Message History

Confirm with . or Enter, or press ? or * to list all spells.
Flames lash the orc knight.
The orc knight is lightly wounded.
The orc knight's fire resistance burns away.
Your orc warrior closely misses the orc knight.
The orc warrior hits you but does no damage.
Your orc barely misses the orc knight.
Your orc hits the orc warrior but does no damage.
The orc warrior hits your orc warrior with a +0 halberd.
The orc warrior closely misses your orc warrior.
Casting: Scorch (safe; 1% risk of failure)
Confirm with . or Enter, or press ? or * to list all spells.
You conjure some foxfire!
Your orc warrior hits the orc knight with a +0 short sword.
The orc warrior hits you but does no damage.
Your orc hits the orc knight but does no damage.
The orc knight roars a battlecry!
The orcs go into a battle-frenzy!
The orc warrior hits your orc warrior with a +0 halberd! x2
Your orc warrior dies!
Your orc warrior's corpse dissolves into shadows!
It was a potion of cancellation.
Your magical effects are unravelling.
You feel magically purged.
You feel less wooden.
Your +0 helmet unmelds from your body.
Your +0 pair of gloves unmelds from your body.
Your +0 robe unmelds from your body.
The foxfire hits the orc warrior.
The orc warrior is severely wounded.
The foxfire hits the orc warrior.
The orc warrior is almost dead.
Your orc hits the orc warrior but does no damage.
The orc warrior barely misses you.
As you read the scroll of fear, it crumbles to dust.
You assume a fearsome visage.
The orc warrior looks frightened!
The orc looks frightened!
The orc warrior looks frightened! x2
The orc knight resists with some effort.
Your orc closely misses the orc knight.
The orc knight hits you from afar with a +0 halberd!
You die...

*.♣♣.......♣.♣..♣#
♣♣................≈≈#
*♣......#....#....≈≈≈#
...≈≈≈≈#....#≈≈≈≈≈≈≈#
.≈≈≈≈≈≈#....#≈≈≈≈≈≈≈#
≈≈≈≈≈≈≈#....#≈≈≈≈≈≈≈#
≈≈≈≈≈≈≈#...)#≈≈≈≈≈♣♣#
≈≈≈≈...#§...#...♣♣♣♣
≈≈.....@§§....♣....♣#
*~~≈...................#
~ ..####...o....####..#
* *#$.####oo####.$#.##
#.....).o)o....###
##..o8).oo8...##
#..########..# #. , .# #
,* ,,,, ,#


You could see an orc knight (combustible, ally target), 3 orc warriors, an orc
(strong, fleeing) and 2 friendly orcs.

Vanquished Creatures
  A water moccasin (D:4)
  2 sky beasts
  2 orc warriors (Bailey)
  3 ogres
  2 scorpions (D:4)
  A necrophage (D:5)
  2 jellies
  3 orc priests
  A hound (D:4)
  An iguana (D:5)
  An orc wizard (D:3)
  6 adders
  A worm (D:2)
  3 dart slugs
  23 orcs
  3 endoplasms
  3 giant cockroaches
  7 goblins
  7 hobgoblins
  4 quokkas
  4 ball pythons
  A bat (D:2)
  5 frilled lizards
  8 kobolds
  2 rats
96 creatures vanquished.

Vanquished Creatures (collateral kills)
  An orc warrior (Bailey)
  An orc (Bailey)
2 creatures vanquished.

Vanquished Creatures (others)
  152 foxfires
  6 plants (D:4)
158 creatures vanquished.

Grand Total: 256 creatures vanquished

Notes
Turn   | Place    | Note
-------+----------+-------------------------------------------
     0 | D:1      | hawla the Meteoran Fire Elementalist began the quest for
                  | the Orb.
     0 | D:1      | Reached XP level 1. HP: 14/14 MP: 5/5
   185 | D:1      | Reached XP level 2. HP: 12/20 MP: 4/6
   188 | D:1      | Learned a level 2 spell: Scorch
   214 | D:1      | Reached skill level 4 in Fire Magic
   261 | D:1      | Reached XP level 3. HP: 22/26 MP: 0/8
   289 | D:2      | Found a faded altar of an unknown god.
   527 | D:3      | Reached skill level 5 in Fire Magic
   527 | D:3      | Reached XP level 4. HP: 11/33 MP: 2/10
   532 | D:3      | Learned a level 4 spell: Flame Wave
   546 | D:3      | Noticed Grinder
   599 | D:3      | Reached XP level 5. HP: 38/38 MP: 8/11
   641 | D:3      | Found a snail-covered altar of Cheibriados.
   768 | D:4      | Noticed an ogre
   776 | D:4      | Killed an ogre
   777 | D:4      | Reached skill level 5 in Conjurations
   777 | D:4      | Reached XP level 6. HP: 45/45 MP: 1/12
   927 | D:4      | Found a hazy altar of Hepliaklqana.
  1022 | D:4      | Reached XP level 7. HP: 51/51 MP: 5/14
  1079 | D:4      | Noticed a water moccasin
  1085 | D:4      | Killed a water moccasin
  1086 | D:4      | Reached skill level 1 in Fighting
  1086 | D:4      | Reached skill level 6 in Fire Magic
  1308 | D:5      | Entered Level 5 of the Dungeon
  1312 | D:5      | Reached skill level 5 in Spellcasting
  1312 | D:5      | Reached XP level 8. HP: 51/59 MP: 10/16
  1345 | D:5      | Learned a level 4 spell: Iskenderun's Mystic Blast
  1481 | D:5      | Found a staircase to the Ecumenical Temple.
  1655 | Temple   | Entered the Ecumenical Temple
  1701 | Temple   | Became a worshipper of Vehumet
  1847 | D:6      | Reached skill level 5 in Translocations
  2040 | D:7      | Found a flagged portal.
  2059 | Bailey   | Entered a bailey
  2079 | Bailey   | Gained mutation: You passively map the area around you.
                  | [Meteoran growth]
  2079 | Bailey   | Reached XP level 9. HP: 64/64 MP: 12/18
  2114 | Bailey   | Noticed an orc knight
  2120 | Bailey   | Reached skill level 7 in Fire Magic
  2127 | Bailey   | Slain by an orc knight

Illustrated notes

Levels and vault maps discovered:
D:1:      erik_arrival_blinker_ship, layout_loops_ring
D:2:      layout_loops_ring, basic_ecumenical_altar, minmay_heptomino_o4
D:3:      layout_loops_ring, old_standard_altar, uniq_grinder
D:4:      layout_cave_pools, nicolae_hepliaklqana_hazy_memory,
          minmay_manual_moon
D:5:      layout_cave_pods, minmay_temple_entry_ruins, kennysheep_nub,
          uniq_menkaure
D:6:      layout_loops_ring, kennysheep_mini
D:7:      layout_loops_ring, enter_bailey_2
Temple:   eino_wide_crystal_templ
Bailey:   bailey_polearm_elven_captive_hellmonk, bailey

Skill      XL: |  1  2  3  4  5  6  7  8  9 |
---------------+----------------------------+-----
Fire Magic     | 4 5 6 7 |  7.0
Spellcasting   | 3 4 5 |  5.8
Conjurations   | 2 5 6 |  6.1
Fighting       | 1 |  1.3
Translocations | 5 |  5.8
Dodging        | 3 |  3.0
Evocations     | 3 |  3.0
Stealth        | |  1.4

Action                   |  1- 3 |  4- 6 |  7- 9 || total
-------------------------+-------+-------+-------++-------
Melee: Unarmed           |    21 |     2 |       ||    23
       Dagger            |       |     2 |     5 ||     7
 Cast: Foxfire           |    44 |    28 |    16 ||    88
       Scorch            |     4 |    11 |    28 ||    43
       Flame Wave        |       |       |    10 ||    10
  Use: Scroll            |     2 |       |    19 ||    21
       Potion            |     1 |       |     3 ||     4
Armor: Robe              |     6 |     1 |     3 ||    10
       Skin              |       |       |     2 ||     2
Dodge: Dodged            |    15 |     2 |    30 ||    47
